MID
GREENVILLE DRIVE @ BURLINGTON BEES
09/08/2044
 
TOP OF THE 1ST
Greenville Drive batting - Pitching for Burlington Bees : RHP Allen Weaver
Pitching: RHP Allen Weaver
Batting: RHB David Norum 0-0: Foul Ball, location: 2F
0-1: TRIPLE (Flyball, 89XD, EV 108.1 MPH)
Batting: RHB Mike Cavagnaro 0-0: Ground out 5-3 (Groundball, 56, EV 89.4 MPH)
David Norum scores
Batting: LHB Jarrett Mordecai 0-0: Fly out, F7 (Line Drive, 7, EV 107.5 MPH)
Batting: RHB Guillermo Quintero 0-0: Foul Ball, location: 2F
0-1: Ball
1-1: Swinging Strike
1-2: SINGLE (Flyball, 4D, EV 91.3 MPH)
Batting: RHB Dave Nickerson 0-0: Ball
Guillermo Quintero is caught stealing 2nd base 2-4
Top of the 1st over - 1 run, 2 hits, 0 errors, 0 left on base; Greenville 1 - Burlington 0
BOTTOM OF THE 1ST
Burlington Bees batting - Pitching for Greenville Drive : LHP Randy Yarrigle
Pitching: LHP Randy Yarrigle
Batting: SHB Tim Connell 0-0: Called Strike
0-1: Ball
1-1: Ground out 5-3 (Groundball, 56, EV 100.6 MPH)
Batting: RHB Ben Herman 0-0: Ball
1-0: Called Strike
1-1: Foul Ball, location: 2F
1-2: Ball
2-2: Ground out 3-1 (Groundball, 34S, EV 91.9 MPH)
Batting: RHB Luis Romero 0-0: Ball
1-0: DOUBLE (Groundball, 3L, EV 110.6 MPH)
Batting: RHB Adam Noyes 0-0: Ball
1-0: Ball
2-0: Foul Ball, location: 2F
2-1: Ball
3-1: Foul Ball, location: 2F
3-2: Base on Balls
Batting: RHB Jonathan Ellis 0-0: Ball
1-0: Ball
2-0: Ball
3-0: Called Strike
3-1: Foul Ball, location: 2F
3-2: Strikes out swinging
Bottom of the 1st over - 0 runs, 1 hit, 0 errors, 2 left on base; Greenville 1 - Burlington 0
TOP OF THE 2ND
Greenville Drive batting - Pitching for Burlington Bees : RHP Allen Weaver
Batting: RHB Dave Nickerson 0-0: Ground out 6-3 (Groundball, 6, EV 93.8 MPH)
Batting: RHB Adugna Chandu 0-0: Called Strike
0-1: Ball
1-1: Ball
2-1: Foul Ball, location: 2F
2-2: Foul Ball, location: 2F
2-2: Foul Ball, location: 2F
2-2: Foul Ball, location: 2F
2-2: Strikes out looking
Batting: RHB Jose Diaz 0-0: Swinging Strike
0-1: Ball
1-1: Fly out, F3 (Popup, 34S, EV 76.9 MPH)
Top of the 2nd over - 0 runs, 0 hits, 0 errors, 0 left on base; Greenville 1 - Burlington 0
BOTTOM OF THE 2ND
Burlington Bees batting - Pitching for Greenville Drive : LHP Randy Yarrigle
Batting: RHB Andy White 0-0: Ball
1-0: Ground out 5-3 (Groundball, 56S, EV 87.5 MPH)
Batting: LHB Bill Kirtley 0-0: Called Strike
0-1: Called Strike
0-2: Strikes out swinging
Batting: LHB Jorge Zermeno 0-0: Ball
1-0: Called Strike
1-1: Swinging Strike
1-2: Strikes out looking
Bottom of the 2nd over - 0 runs, 0 hits, 0 errors, 0 left on base; Greenville 1 - Burlington 0
TOP OF THE 3RD
Greenville Drive batting - Pitching for Burlington Bees : RHP Allen Weaver
Batting: RHB John Chiesa 0-0: Called Strike
0-1: Swinging Strike
0-2: Ball
1-2: Strikes out swinging
Batting: RHB Erik Nunez 0-0: Ball
1-0: Ball
2-0: SINGLE (Groundball, 56D, EV 98.1 MPH)
Batting: RHB David Norum 0-0: Foul Ball, location: 2F
0-1: Hit by Pitch
Erik Nunez to second
Batting: RHB Mike Cavagnaro 0-0: Ball
1-0: Ball
2-0: Grounds into double play, 5-4-3 (Groundball, 56, EV 98.1 MPH)
Top of the 3rd over - 0 runs, 1 hit, 0 errors, 1 left on base; Greenville 1 - Burlington 0
BOTTOM OF THE 3RD
Burlington Bees batting - Pitching for Greenville Drive : LHP Randy Yarrigle
Batting: RHB Rob Bly 0-0: Fly out, F9 (Flyball, 9S, EV 91.9 MPH)
Batting: SHB Tim Connell 0-0: SINGLE (Groundball, 56D, EV 95.0 MPH)
Batting: RHB Ben Herman 0-0: Called Strike
0-1: Ball
1-1: SINGLE (Groundball, 4MD, EV 103.1 MPH)
Tim Connell to second
Runner from 2nd tries for 3rd, SAFE, throw by CF made to third
Ben Herman to second
Batting: RHB Luis Romero 0-0: Called Strike
0-1: Ball
1-1: DOUBLE (Line Drive, 78D, EV 104.4 MPH)
Tim Connell scores
Ben Herman scores
Batting: RHB Adam Noyes 0-0: Fly out, F4 (Popup, 3S, EV 77.5 MPH)
Batting: RHB Jonathan Ellis 0-0: Ground out 6-3 (Groundball, 6, EV 84.4 MPH)
Bottom of the 3rd over - 2 runs, 3 hits, 0 errors, 1 left on base; Greenville 1 - Burlington 2
TOP OF THE 4TH
Greenville Drive batting - Pitching for Burlington Bees : RHP Allen Weaver
Batting: LHB Jarrett Mordecai 0-0: Ball
1-0: Ball
2-0: SINGLE (Groundball, 56D, EV 98.8 MPH)
Batting: RHB Guillermo Quintero 0-0: Ball
1-0: Foul Ball, location: 2F
1-1: Swinging Strike
1-2: Ball
2-2: Foul Ball, location: 2F
2-2: Foul Ball, location: 2F
2-2: Grounds into double play, 5-4-3 (Groundball, 56, EV 80.6 MPH)
Batting: RHB Dave Nickerson 0-0: Swinging Strike
0-1: Called Strike
0-2: Ball
1-2: Foul Ball, location: 2F
1-2: Ground out 6-3 (Groundball, 6, EV 79.4 MPH)
Top of the 4th over - 0 runs, 1 hit, 0 errors, 0 left on base; Greenville 1 - Burlington 2
BOTTOM OF THE 4TH
Burlington Bees batting - Pitching for Greenville Drive : LHP Randy Yarrigle
Batting: RHB Andy White 0-0: Ball
1-0: Ball
2-0: Ball
3-0: Called Strike
3-1: Base on Balls
Batting: LHB Bill Kirtley 0-0: Fly out, F7 (Line Drive, 7, EV 99.4 MPH)
Batting: LHB Jorge Zermeno 0-0: Called Strike
0-1: Foul Ball, location: 2F
0-2: Strikes out swinging
Batting: RHB Rob Bly 0-0: Called Strike
0-1: Fielders Choice at 2nd, 5-4 (Groundball, 56, EV 85.6 MPH)
Bottom of the 4th over - 0 runs, 0 hits, 0 errors, 1 left on base; Greenville 1 - Burlington 2
TOP OF THE 5TH
Greenville Drive batting - Pitching for Burlington Bees : RHP Allen Weaver
Batting: RHB Adugna Chandu 0-0: Ball
1-0: Swinging Strike
1-1: Foul Ball, location: 2F
1-2: Strikes out looking
Batting: RHB Jose Diaz 0-0: Fly out, F2 (Popup, 2LF, EV 78.8 MPH)
Batting: RHB John Chiesa 0-0: Swinging Strike
0-1: Called Strike
0-2: Strikes out swinging
Top of the 5th over - 0 runs, 0 hits, 0 errors, 0 left on base; Greenville 1 - Burlington 2
BOTTOM OF THE 5TH
Burlington Bees batting - Pitching for Greenville Drive : LHP Randy Yarrigle
Batting: SHB Tim Connell 0-0: Called Strike
0-1: SINGLE (Line Drive, 89S, EV 101.9 MPH)
Batting: RHB Ben Herman 0-0: Ball
1-0: Called Strike
1-1: Swinging Strike
1-2: Fielders Choice at 2nd, 5-4 (Groundball, 56, EV 89.4 MPH)
Batting: RHB Luis Romero 0-0: Called Strike
0-1: Called Strike
0-2: Foul Ball, location: 2F
0-2: SINGLE (Line Drive, 9LS, EV 92.5 MPH)
Ben Herman to second
Runner from 2nd tries for 3rd, SAFE, throw by RF made to third
Batting: RHB Adam Noyes 0-0: Ball
1-0: Ball
2-0: Ball
3-0: Called Strike
3-1: Fly out, F7 (Flyball, 7S, EV 93.8 MPH)
Runner from 3rd tags up, SCORES, throw by LF
Batting: RHB Jonathan Ellis 0-0: SINGLE (Flyball, 56D, EV 83.1 MPH)
Luis Romero to second
Batting: RHB Andy White 0-0: Called Strike
0-1: Swinging Strike
0-2: Ball
1-2: Ball
2-2: Strikes out swinging
Bottom of the 5th over - 1 run, 3 hits, 0 errors, 2 left on base; Greenville 1 - Burlington 3
TOP OF THE 6TH
Greenville Drive batting - Pitching for Burlington Bees : RHP Allen Weaver
Batting: RHB Erik Nunez 0-0: Called Strike
0-1: Ball
1-1: Swinging Strike
1-2: Strikes out looking
Batting: RHB David Norum 0-0: Swinging Strike
0-1: Swinging Strike
0-2: Strikes out swinging
Batting: RHB Mike Cavagnaro 0-0: Ball
1-0: Ball
2-0: Ball
3-0: Base on Balls
Batting: LHB Jarrett Mordecai 0-0: Called Strike
0-1: Swinging Strike
0-2: Strikes out looking
Top of the 6th over - 0 runs, 0 hits, 0 errors, 1 left on base; Greenville 1 - Burlington 3
BOTTOM OF THE 6TH
Burlington Bees batting - Pitching for Greenville Drive : LHP Randy Yarrigle
Batting: LHB Bill Kirtley 0-0: Swinging Strike
0-1: Swinging Strike
0-2: Ball
1-2: Strikes out swinging
Batting: LHB Jorge Zermeno 0-0: Ball
1-0: Ball
2-0: Ground out 4-3 (Groundball, 4S, EV 90.6 MPH)
Batting: RHB Rob Bly 0-0: Ball
1-0: Swinging Strike
1-1: Called Strike
1-2: Ball
2-2: Fly out, F7 (Line Drive, 7LS, EV 95.0 MPH)
Bottom of the 6th over - 0 runs, 0 hits, 0 errors, 0 left on base; Greenville 1 - Burlington 3
TOP OF THE 7TH
Greenville Drive batting - Pitching for Burlington Bees : RHP Allen Weaver
Batting: RHB Guillermo Quintero 0-0: Ball
1-0: Ball
2-0: Ball
3-0: Base on Balls
Batting: RHB Dave Nickerson 0-0: Ball
1-0: Ball
2-0: Ball
3-0: Grounds into double play, 6-4-3 (Groundball, 56, EV 109.4 MPH)
Batting: RHB Adugna Chandu 0-0: Ground out 6-3 (Groundball, 6, EV 85.6 MPH)
Top of the 7th over - 0 runs, 0 hits, 0 errors, 0 left on base; Greenville 1 - Burlington 3
BOTTOM OF THE 7TH
Burlington Bees batting - Pitching for Greenville Drive : LHP Randy Yarrigle
Pitching: RHP Cameron Williams
Batting: SHB Tim Connell 0-0: Ball
1-0: Ball
2-0: Ground out 5-3 (Groundball, 56, EV 91.9 MPH)
Batting: RHB Ben Herman 0-0: Ball
1-0: Foul Ball, location: 2F
1-1: Ball
2-1: Ball
3-1: Foul Ball, location: 2F
3-2: Foul Ball, location: 2F
3-2: Foul Ball, location: 2F
3-2: Foul Ball, location: 2F
3-2: Foul Ball, location: 2F
3-2: Foul Ball, location: 2F
3-2: Hit by Pitch
Batting: RHB Luis Romero 0-0: Called Strike
0-1: Called Strike
0-2: Ball
1-2: Foul Ball, location: 2F
1-2: Ball
2-2: Foul Ball, location: 2F
2-2: Strikes out swinging
Batting: RHB Adam Noyes 0-0: Hit by Pitch
Ben Herman to second
Batting: RHB Jonathan Ellis 0-0: Ball
1-0: Swinging Strike
1-1: SINGLE (Groundball, 34D, EV 94.4 MPH)
Ben Herman to third
Adam Noyes to second
Runner from 3rd tries for Home, throw by RF and OUT! 9-2
Bottom of the 7th over - 0 runs, 1 hit, 0 errors, 2 left on base; Greenville 1 - Burlington 3
TOP OF THE 8TH
Greenville Drive batting - Pitching for Burlington Bees : RHP Allen Weaver
Pitching: LHP Cody Bodenhamer
Batting: RHB Jose Diaz 0-0: Ball
1-0: Called Strike
1-1: Swinging Strike
1-2: Foul Ball, location: 2F
1-2: Ball
2-2: Foul Ball, location: 2F
2-2: Ball
3-2: Strikes out swinging
Batting: RHB John Chiesa 0-0: SOLO HOME RUN (Flyball, 7D, EV 98.8 MPH), Distance : 381 ft
Batting: RHB Erik Nunez 0-0: Called Strike
0-1: Ground out 6-3 (Groundball, 56, EV 80.0 MPH)
Batting: RHB David Norum 0-0: Ball
1-0: Ball
2-0: Ball
3-0: Base on Balls
Batting: RHB Mike Cavagnaro 0-0: Ball
1-0: Ball
2-0: Called Strike
2-1: Called Strike
2-2: Foul Ball, location: 2F
2-2: Foul Ball, location: 2F
2-2: SINGLE (Line Drive, 89D, EV 103.8 MPH)
David Norum to second
Pinch Hitting: RHB Joel Vazquez 0-0: Ball
1-0: DOUBLE (Groundball, 5L, EV 106.3 MPH)
David Norum scores
Mike Cavagnaro to third
Runner from 3rd tries for Home, SAFE, no throw by LF
Pitching: RHP Trece Hunter
Pinch Hitting: LHB Noel Young 0-0: Ball
1-0: Ball
2-0: Called Strike
2-1: Ball
3-1: Base on Balls
Pinch Runner at 2nd Dan Sorrow:
Pinch Hitting: LHB Parker Lowe 0-0: Ball
1-0: Foul Ball, location: 2F
1-1: Called Strike
1-2: Ball
2-2: Fly out, F5 (Flyball, 5D, EV 96.9 MPH)
Top of the 8th over - 3 runs, 3 hits, 0 errors, 2 left on base; Greenville 4 - Burlington 3
BOTTOM OF THE 8TH
Burlington Bees batting - Pitching for Greenville Drive : RHP Cameron Williams
Pitching: RHP Tyler Carriger
Now at 1B: Parker Lowe
Now in LF: Dan Sorrow
Now in RF: Noel Young
Batting: RHB Andy White 0-0: Swinging Strike
0-1: Ball
1-1: Ball
2-1: Ball
3-1: SINGLE (Flyball, 89S, EV 87.5 MPH)
Batting: LHB Bill Kirtley 0-0: Ball
1-0: Ball
2-0: Ball
3-0: Base on Balls
Andy White to second
Batting: LHB Jorge Zermeno 0-0: Foul Ball, location: 2F
0-1: Ball
1-1: Ball
2-1: Called Strike
2-2: Ball
3-2: Strikes out looking
Batting: RHB Rob Bly 0-0: Ball
1-0: Called Strike
1-1: SINGLE (Groundball, 56, EV 97.5 MPH)
Andy White to third
Bill Kirtley to second
Runner from 3rd tries for Home, SAFE, throw by LF to home
Batting: SHB Tim Connell 0-0: Called Strike
0-1: Foul Ball, location: 2F
0-2: Fielders Choice at 2nd, 1-6 (Groundball, 13S, EV 61.9 MPH)
Bill Kirtley to third
Batting: RHB Ben Herman 0-0: Called Strike
0-1: Ball
1-1: Swinging Strike
1-2: Strikes out swinging
Bottom of the 8th over - 1 run, 2 hits, 0 errors, 2 left on base; Greenville 4 - Burlington 4
TOP OF THE 9TH
Greenville Drive batting - Pitching for Burlington Bees : RHP Trece Hunter
Batting: RHB Adugna Chandu 0-0: Called Strike
0-1: Swinging Strike
0-2: Hit by Pitch
Batting: RHB Jose Diaz 0-0: Bunt - Flyout to 13! F1
Batting: RHB John Chiesa 0-0: Ball
1-0: Ball
2-0: Bunted foul
2-1: Bunt missed!
2-2: TRIPLE (Flyball, 9LD, EV 105.0 MPH)
Adugna Chandu scores
Batting: RHB Erik Nunez 0-0: Ball
1-0: Ball
2-0: Ball
3-0: Called Strike
3-1: Ground out 3-1 (Groundball, 3, EV 80.6 MPH)
Batting: RHB David Norum 0-0: Foul Ball, location: 2F
0-1: Called Strike
0-2: Ball
1-2: Foul Ball, location: 2F
1-2: Foul Ball, location: 2F
1-2: Hit by Pitch
Batting: RHB Mike Cavagnaro 0-0: Ball
1-0: Called Strike
1-1: Called Strike
1-2: Ball
2-2: Foul Ball, location: 2F
2-2: SINGLE (Groundball, 4MD, EV 110.6 MPH)
John Chiesa scores
David Norum to second
Batting: RHB Dan Sorrow 0-0: Called Strike
0-1: Called Strike
0-2: Strikes out swinging
Top of the 9th over - 2 runs, 2 hits, 0 errors, 2 left on base; Greenville 6 - Burlington 4
BOTTOM OF THE 9TH
Burlington Bees batting - Pitching for Greenville Drive : RHP Tyler Carriger
Pitching: RHP Roberto Morales
Batting: RHB Luis Romero 0-0: DOUBLE (Line Drive, 5D, EV 98.1 MPH)
Batting: RHB Adam Noyes 0-0: Ground out 4-3 (Groundball, 4M, EV 83.1 MPH)
Luis Romero to third
Batting: RHB Jonathan Ellis 0-0: Ball
1-0: Ball
2-0: Ball
3-0: Base on Balls
Batting: RHB Andy White 0-0: Called Strike
0-1: Grounds into double play, 5-4-3 (Groundball, 56, EV 110.6 MPH)
Bottom of the 9th over - 0 runs, 1 hit, 0 errors, 1 left on base; Greenville 6 - Burlington 4
Thursday, March 31st , 2022 - OOTP Baseball 22.12 Build 89